 Dungeon Crawl Stone Soup version 0.30.0-15-g856e2d3f33 (webtiles) character file.

Game seed: 3874751247849899654

75 booth the Conjurer (level 4, 0/34 HPs)
             Began as a Demonspawn Reaver on May 18, 2023.
             Slain by a gnoll
             ... wielding a +0 whip
              (4 damage)
             ... on level 2 of the Dungeon on May 19, 2023.
             The game lasted 00:11:27 (2106 turns).

booth the Conjurer (Demonspawn Reaver)              Turns: 2106, Time: 00:11:28

Health: 0/34       AC:  3    Str: 14    XL:     4   Next: 11%
Magic:  7/7        EV: 12    Int: 15    God:
Gold:   72         SH:  0    Dex: 11    Spells: 1/7 levels left

rFire   . . .        a - +0 hand axe
rCold   . . .        (no shield)
rNeg    . . .        b - +0 leather armour
rPois   .            (no helmet)
rElec   .            (no cloak)
rCorr   +            (no gloves)
SInv    .            (no boots)
Will    .....        (no amulet)
Stlth   +            d - ring of resist corrosion
HPRegen 0.25/turn    h - ring of flight
MPRegen 0.10/turn

%: no passive effects
@: flying
A: demonic guardian 1, sturdy frame 1
a: no special abilities


You were on level 2 of the Dungeon.
You visited 1 branch of the dungeon, and saw 2 of its levels.

You collected 72 gold pieces.

Inventory:

Hand Weapons
 a - a +0 hand axe (weapon)
 e - a +0 mace
Armour
 b - a +0 leather armour (worn)
Jewellery
 d - a ring of resist corrosion (left hand)
 h - a ring of flight (right hand)
Scrolls
 c - 2 scrolls of identify
 g - a scroll of teleportation
 i - a scroll of poison {unknown}


   Skills:
 + Level 2.4 Fighting
 + Level 3.0 Axes
 + Level 0.4 Armour
 + Level 2.2 Dodging
 + Level 2.4 Spellcasting
 + Level 3.3 Conjurations
 + Level 1.0 Necromancy
 + Level 0.6 Translocations


You had one spell level left.
You knew the following spells:

 Your Spells              Type           Power      Damage    Failure   Level
a - Kiss of Death         Conj/Necr      32%        2d7       9%          1
b - Momentum Strike       Conj/Tloc      14%        3d8       14%         2
c - Hailstorm             Conj/Ice       6%         3d4       32%         3

Your spell library contained the following spells:

 Spells                   Type           Power      Damage    Failure   Level
 Cigotuvi's Dreadful Rot  Necr/Pois/Air  4%         N/A       28%         2
 Ensorcelled Hibernation  Hex/Ice        2%         N/A       32%         2
 Vampiric Draining        Necr           4%         2d6       41%         3
 Ice Form                 Ice/Tmut       1%         N/A       91%         4


Dungeon Overview and Level Annotations

Branches:
Dungeon (2/15)

Altars:


Innate Abilities, Weirdness & Mutations

A weak demonic guardian rushes to your aid.
Your movements are slightly less encumbered by armour. (ER -2)


Message History

The gnoll is moderately wounded.
The gnoll hits you with a +0 club.
You barely miss the gnoll.
The gnoll is moderately wounded.
The gnoll misses you.
You hit the gnoll.
The gnoll is severely wounded.
The gnoll hits you with a +0 club!
You hit the gnoll.
The gnoll is almost dead.
The gnoll barely misses you.
You hit the gnoll.
The gnoll is almost dead.
The gnoll closely misses you.
You hit the gnoll.
You kill the gnoll!
Your life force feels restored.
You have reached level 4!
You feel clever.
Your demonic ancestry asserts itself...
You feel the presence of a demonic guardian.
The gnoll attacks as you move away! The gnoll barely misses you.
You barely miss the gnoll.
The gnoll is lightly wounded.
The gnoll barely misses you.
You barely miss the gnoll.
The gnoll is lightly wounded.
The gnoll hits you with a +0 whip.
You closely miss the gnoll.
The gnoll is lightly wounded.
The gnoll hits you with a +0 whip.
You hit the gnoll.
The gnoll is heavily wounded.
The gnoll hits you with a +0 whip.
* * * LOW HITPOINT WARNING * * *
You barely miss the gnoll.
The gnoll is heavily wounded.
The gnoll hits you with a +0 whip.
* * * LOW HITPOINT WARNING * * *
A demonic guardian appears!
The gnoll hits you with a +0 whip.
You die...

#.####........# # #.##.# .
#.##..........# .....# .
#.##.#........# ##.##.##
#...... #.##.##....###.#
...... ..g.... #.##.###..## .#
#....# ..... . #.##.# ##.# .
#..#.####... ..##.####.## #
#...... ...
####.#.....###.#####.#.# #.#
#†#.####.....@g.....####.####.
#.#.# ##.#####5#.............
#.#.# # ##.#)#####.###.: #.#.#
.# ##.## #.# #.#.#####.# ###
#.### #.........# #...#..
###.....#.# ###.#.. #####....#
#.#.. #........# #.#..


You could see a gnoll (ally target) and a friendly quasit (summoned).

Vanquished Creatures
  2 gnolls (D:2)
  An adder (D:2)
  2 dart slugs
  A bat (D:2)
  5 endoplasms
  2 giant cockroaches
  2 goblins
  4 hobgoblins
  2 jackals (D:1)
  2 quokkas (D:1)
  5 ball pythons
  5 frilled lizards
  3 kobolds (D:1)
  5 rats (D:1)
41 creatures vanquished.

Notes
Turn   | Place    | Note
-------+----------+-------------------------------------------
     0 | D:1      | booth the Demonspawn Reaver began the quest for the Orb.
     0 | D:1      | Reached XP level 1. HP: 16/16 MP: 3/3
   119 | D:1      | Gained mutation: Your movements are slightly less
                  | encumbered by armour. (ER -2) [demonic ancestry]
   119 | D:1      | Reached XP level 2. HP: 18/22 MP: 5/5
   122 | D:1      | Learned a level 2 spell: Momentum Strike
   867 | D:1      | Reached XP level 3. HP: 26/27 MP: 6/6
  1495 | D:2      | Got the Handbook of Horrible Freezing
  1509 | D:2      | Learned a level 3 spell: Hailstorm
  1940 | D:2      | Reached skill level 1 in Necromancy
  2098 | D:2      | Gained mutation: A weak demonic guardian rushes to your
                  | aid. [demonic ancestry]
  2098 | D:2      | Reached XP level 4. HP: 17/34 MP: 7/7
  2106 | D:2      | Slain by a gnoll

Illustrated notes

Levels and vault maps discovered:
D:1:      minmay_arrival_four_circles, layout_basic, minmay_tiny_reverse_x
D:2:      layout_loops_ring, corexii_leaking_fountain

Skill      XL: |  1  2  3 |
---------------+----------+-----
Dodging        | 2 |  2.2
Axes           | 3 |  3.0
Necromancy     | 1 |  1.0
Fighting       | |  2.4
Armour         | |  0.4
Spellcasting   | |  2.4
Conjurations   | |  3.3
Translocations | |  0.6

Action                     |  1- 3 |  4- 6 || total
---------------------------+-------+-------++-------
  Melee: Hand axe          |   152 |     5 ||   157
   Cast: Kiss of Death     |     1 |       ||     1
         Momentum Strike   |     1 |       ||     1
    Use: Scroll            |     5 |       ||     5
 Armour: Leather armour    |    34 |       ||    34
  Dodge: Dodged            |    91 |     2 ||    93
